 Dungeon Sprint DCSS version 0.22.1-2-g9c5b331 (webtiles) character file.

7700000 diana the Axe Maniac (level 27, -11/249 HPs)
             Began as a Demonspawn Gladiator on Dec 12, 2018.
             Was the Champion of Makhleb.
             Mangled by a destroyer
             ... wielding a +9 great sword of slicing
              (216 damage)
             ... in the Dungeon (Sprint VIII: "Arena of Blood").
             The game lasted 00:04:36 (77 turns).

diana the Axe Maniac (Demonspawn Gladiator)           Turns: 77, Time: 00:04:37

Health: -11/249    AC: 12    Str: 18    XL:     27
Magic:  30/54      EV: 36    Int: 11    God:    Makhleb [******]
Gold:   0          SH:  0    Dex: 23    Spells: 80/80 levels left

rFire    . . .     SeeInvis .   l - +∞ Axe of Woe
rCold    . . .     Gourm    .   (shield currently unavailable)
rNeg     + . .     Faith    .   b - +0 leather armour
rPois    +         Spirit   .   c - +0 helmet
rElec    .         Reflect  .   (no cloak)
rCorr    .         Harm     .   (gloves unavailable)
MR       ++...     NoTele   +   (no boots)
Stlth    ++++++++++             (no amulet)
HPRegen  0.51/turn              (no ring)
MPRegen  0.34/turn              (no ring)

@: no status effects
A: claws 3, slimy green scales 3, demonic guardian 3, negative energy resistance
1, nightstalker 3, 50% torment resistance, black mark
a: Minor Destruction, Lesser Servant of Makhleb, Major Destruction, Greater
Servant of Makhleb, Renounce Religion


You were in the Dungeon.
You worshipped Makhleb.
Makhleb was exalted by your worship.
You were not hungry.

You visited 1 branch

Inventory:

Hand Weapons
 a - a +0 war axe
 l - the +∞ Axe of Woe (weapon)
   (You found it in the Dungeon)
Missiles
 d - 3 throwing nets (quivered)
Armour
 b - a +0 leather armour (worn)
 c - a +0 helmet (worn)
Scrolls
 k - a scroll of blinking
Potions
 e - a potion of curing
 g - a potion of heal wounds
 h - a potion of haste
 i - 2 potions of magic
 j - a potion of berserk rage
Comestibles
 f - a ration


   Skills:
 O Level 27 Fighting
 O Level 27 Axes
 O Level 27 Throwing
 O Level 27 Armour
 O Level 27 Dodging
 O Level 27 Stealth
 O Level 27 Unarmed Combat
 O Level 27 Spellcasting
 O Level 27 Invocations


You had 80 spell levels left.
You didn't know any spells.
Your spell library was empty.

Dungeon Overview and Level Annotations

Branches:
Dungeon (1/1)

Altars:
Makhleb


Innate Abilities, Weirdness & Mutations

You have claws for hands.
You are completely covered in slimy green scales. (AC +4, rPois)
A powerful demonic guardian rushes to your aid.
You resist negative energy. (rN+)
You are completely attuned to the shadows.
You are somewhat able to resist unholy torments (1 in 2 success).
Your melee attacks may debilitate your foes.


Message History

Some corpses meld into an agglomeration of writhing flesh!
You hear a shout!
The bag of meat hits your reaper with a +9 war axe!!
You hear a shout! x5
A large abomination and a crawling corpse come into view.
You hear a shout! x7
The eight-headed meat hydra completely misses you. x2
The eight-headed meat hydra barely misses you.
The eight-headed meat hydra closely misses you.
The eight-headed meat hydra bites you! x2
The eight-headed meat hydra bites you but does no damage.
The eight-headed meat hydra bites you.
You hear a shout! x2
The sculptor of flesh hits you with a +9 great sword!!
You hear a shout!
The destroyer blinks!
You hear a shout!
The destroyer hits you with a +9 great sword of slicing!!!!!
Ouch! That really hurt!
You die...

.. ##. ..###......#
.#..o.......
...xV#2.o..... ..
..Oz@V#)...... #..
...Do)X..#.... #..
...o.)#2.)...###..
.#.....))))%%..%..###
##...§..)#........_.
#.....#)).....#....
##..)§§.§.§.#_.<.
....#....§§.#.)).
......#§§.§V).)_)


You could see a reaper, an eight-headed meat hydra, 2 destroyers, a sculptor of
flesh, a large bag of meat (inner flame), a large abomination, 4 bags of meat, a
crawling corpse and a friendly reaper.

Vanquished Creatures
  A hell beast (D)
  3 greater mummies (D)
  Harold (D)
  3 vampire knights (D)
  18 ogres (D)
  3 two-headed ogres (D)
  A lich (D)
  A hydra (D)
  43 orcs (D)
  A skeletal warrior (D)
  A large abomination (D)
  A small abomination (D)
  2 crawling corpses (D)
79 creatures vanquished.

Notes
Turn   | Place    | Note
-------+----------+-------------------------------------------
     0 | D        | Found the +∞ Axe of Woe
     0 | D        | diana the Demonspawn Gladiator began the quest for the Orb.
     0 | D        | Reached XP level 1. HP: 16/16 MP: 1/1
     2 | D        | Noticed a bag of meat
     2 | D        | Noticed a bag of meat
     3 | D        | Noticed a bag of meat
     4 | D        | Became a worshipper of Makhleb the Destroyer
     6 | D        | Noticed a bag of meat
     9 | D        | Killed a bag of meat
     9 | D        | Gained mutation: You are partially covered in slimy green
                  | scales. (AC +2) [demonic ancestry]
     9 | D        | Reached XP level 2. HP: 35/35 MP: 2/2
     9 | D        | Gained mutation: A weak demonic guardian rushes to your
                  | aid. [demonic ancestry]
     9 | D        | Reached XP level 3. HP: 41/41 MP: 3/3
     9 | D        | Gained mutation: A demonic guardian rushes to your aid.
                  | [demonic ancestry]
     9 | D        | Reached XP level 4. HP: 47/47 MP: 4/4
     9 | D        | Gained mutation: You are slightly more attuned to the
                  | shadows. [demonic ancestry]
     9 | D        | Reached XP level 5. HP: 53/53 MP: 5/5
     9 | D        | Reached XP level 6. HP: 60/60 MP: 6/6
     9 | D        | Reached XP level 7. HP: 65/65 MP: 7/7
     9 | D        | Reached XP level 8. HP: 72/72 MP: 8/8
     9 | D        | Reached XP level 9. HP: 78/78 MP: 9/9
     9 | D        | Reached XP level 10. HP: 85/85 MP: 10/10
     9 | D        | Reached XP level 11. HP: 90/90 MP: 11/11
     9 | D        | Noticed a meat berserker
    10 | D        | Killed a bag of meat
    10 | D        | Reached * piety under Makhleb
    10 | D        | Reached skill level 10 in Throwing
    10 | D        | Reached XP level 12. HP: 82/100 MP: 12/12
    10 | D        | Noticed a meat berserker
    10 | D        | Noticed a bag of meat
    10 | D        | Noticed a bag of meat
    11 | D        | Killed a bag of meat
    11 | D        | Gained mutation: You have sharp fingernails. [demonic
                  | ancestry]
    11 | D        | Reached XP level 13. HP: 90/109 MP: 13/13
    12 | D        | Killed a bag of meat
    12 | D        | Gained mutation: You have very sharp fingernails. [demonic
                  | ancestry]
    12 | D        | Reached XP level 14. HP: 98/118 MP: 14/14
    12 | D        | Killed a bag of meat
    12 | D        | Reached ** piety under Makhleb
    12 | D        | Noticed a meat berserker
    13 | D        | Killed a meat berserker
    13 | D        | Reached skill level 15 in Fighting
    13 | D        | Gained mutation: You are significantly more attuned to the
                  | shadows. [demonic ancestry]
    13 | D        | Reached XP level 15. HP: 129/129 MP: 15/15
    15 | D        | Killed a meat berserker
    15 | D        | Reached *** piety under Makhleb
    15 | D        | Reached skill level 27 in Axes
    15 | D        | Gained mutation: You have claws for hands. [demonic
                  | ancestry]
    15 | D        | Reached XP level 16. HP: 143/143 MP: 16/16
    17 | D        | Killed a meat berserker
    17 | D        | Reached skill level 27 in Dodging
    17 | D        | Gained mutation: You are completely attuned to the shadows.
                  | [demonic ancestry]
    17 | D        | Reached XP level 17. HP: 156/156 MP: 16/28
    18 | D        | Reached **** piety under Makhleb
    19 | D        | Gained mutation: You resist negative energy. (rN+) [demonic
                  | ancestry]
    19 | D        | Reached XP level 18. HP: 175/175 MP: 16/33
    21 | D        | Reached ***** piety under Makhleb
    22 | D        | Reached skill level 27 in Fighting
    22 | D        | Reached skill level 27 in Invocations
    23 | D        | Gained mutation: You are mostly covered in slimy green
                  | scales. (AC +3) [demonic ancestry]
    23 | D        | Reached XP level 19. HP: 189/189 MP: 16/36
    24 | D        | Noticed a meat berserker
    24 | D        | Noticed a meat berserker
    26 | D        | Killed a meat berserker
    26 | D        | Reached skill level 27 in Armour
    26 | D        | Noticed a meat berserker
    27 | D        | Killed a meat berserker
    27 | D        | Noticed a large bag of meat
    29 | D        | Noticed The Servant
    30 | D        | Noticed a large bag of meat
    32 | D        | Killed a meat berserker
    32 | D        | Reached skill level 27 in Throwing
    32 | D        | Gained mutation: You are completely covered in slimy green
                  | scales. (AC +4, rPois) [demonic ancestry]
    32 | D        | Reached XP level 20. HP: 197/197 MP: 18/37
    32 | D        | Noticed a large bag of meat
    34 | D        | Noticed a meat berserker
    34 | D        | Noticed a meat berserker
    37 | D        | Killed a large bag of meat
    37 | D        | Reached ****** piety under Makhleb
    37 | D        | Killed a meat berserker
    37 | D        | Reached skill level 27 in Stealth
    37 | D        | Noticed a destroyer
    41 | D        | Killed a meat berserker
    41 | D        | Reached XP level 21. HP: 178/204 MP: 21/46
    42 | D        | Killed a large bag of meat
    42 | D        | Reached skill level 27 in Spellcasting
    44 | D        | Killed a destroyer
    44 | D        | Reached XP level 22. HP: 109/212 MP: 21/53
    46 | D        | Reached skill level 27 in Unarmed Combat
    46 | D        | Killed a large bag of meat
    46 | D        | Noticed a tyrant
    47 | D        | Gained mutation: You are somewhat able to resist unholy
                  | torments (1 in 2 success). [demonic ancestry]
    47 | D        | Reached XP level 23. HP: 219/219 MP: 22/54
    48 | D        | Noticed a destroyer
    49 | D        | Reached XP level 24. HP: 227/227 MP: 23/54
    49 | D        | Noticed an accursed
    50 | D        | Noticed an accursed
    52 | D        | Killed The Servant
    54 | D        | Killed a destroyer
    54 | D        | Gained mutation: A powerful demonic guardian rushes to your
                  | aid. [demonic ancestry]
    54 | D        | Reached XP level 25. HP: 217/234 MP: 24/54
    55 | D        | Killed an accursed
    55 | D        | Killed a tyrant
    56 | D        | Reached XP level 26. HP: 242/242 MP: 24/54
    57 | D        | Killed an accursed
    60 | D        | Gained mutation: Your melee attacks may debilitate your
                  | foes. [demonic ancestry]
    60 | D        | Reached XP level 27. HP: 249/249 MP: 25/54
    69 | D        | Noticed a destroyer
    71 | D        | Noticed an accursed
    72 | D        | Noticed a destroyer
    72 | D        | Noticed a destroyer
    74 | D        | Killed a destroyer
    74 | D        | Noticed a meat beast
    75 | D        | Noticed a large bag of meat
    76 | D        | Killed an accursed
    76 | D        | Killed a meat beast
    77 | D        | Mangled by a destroyer

Skill      XL: |  1  2  3  4  5  6  7  8  9 10 11 12 13 14 15 16 17 18 19 20 21 22 |
---------------+-------------------------------------------------------------------+-----
Fighting       | 9 11 12 13 15 17 20 24 27 | 27.0
Axes           | 16 19 20 22 25 27 | 27.0
Throwing       | 9 10 11 12 14 16 27 | 27.0
Dodging        | 16 18 20 21 24 26 27 | 27.0
Armour         | 11 17 24 27 | 27.0
Invocations    | 14 23 27 | 27.0
Stealth        | 17 27 | 27.0
Spellcasting   | 21 27 | 27.0
Unarmed Combat | 21 27 | 27.0

Action                   |  1- 3 |  4- 6 |  7- 9 | 10-12 | 13-15 | 16-18 | 19-21 | 22-24 | 25-27 || total
-------------------------+-------+-------+-------+-------+-------+-------+-------+-------+-------++-------
Melee: Executioner's axe |     1 |       |       |     2 |     3 |     7 |     7 |     9 |    17 ||    46
Armor: Leather armour    |       |       |       |       |       |       |       |       |     1 ||     1
Dodge: Dodged            |       |       |       |       |       |       |       |     1 |     5 ||     6
